 Dungeon Crawl Stone Soup version 0.30-a0-845-g7c6808c8ce (webtiles) character file.

Game seed: 6495835352655410148

53 retardedninja the Shield-Bearer (level 3, -1/31 HPs)
             Began as a Gnoll Fighter on Mar 2, 2023.
             Slain by a hobgoblin (4 damage)
             ... led by Robin
             ... on level 3 of the Dungeon.
             The game lasted 00:02:01 (1477 turns).

retardedninja the Shield-Bearer (Gnoll Fighter)     Turns: 1477, Time: 00:02:02

Health: -1/31      AC: 12    Str: 17    XL:     3   Next: 89%
Magic:  4/4        EV:  7    Int:  7    God:
Gold:   87         SH:  5    Dex: 11    Spells: 4/4 levels left

rFire   . . .      SeeInvis .    a - +0 flail
rCold   . . .      Faith    .    c - +0 buckler
rNeg    . . .      Spirit   .    o - +0 chain mail
rPois   .          Reflect  .    (no helmet)
rElec   .          Rampage  .    (no cloak)
rCorr   .                        (no gloves)
Will    .....                    (no boots) Stlth
                                 (no amulet)
HPRegen 0.25/turn                (no ring)
MPRegen 0.09/turn                (no ring)

@: brilliant, flying, invisible
A: fangs 1, strong nose, distributed training, iridescent scales 1, frail 1,
screaming 1
a: no special abilities


You were on level 3 of the Dungeon.
You visited 1 branch of the dungeon, and saw 3 of its levels.

You collected 87 gold pieces.

Inventory:

Hand Weapons
 a - a +0 flail (weapon)
Armour
 b - a +0 scale mail
 c - a +0 buckler (worn)
 o - a +0 chain mail (worn)
Scrolls
 h - a scroll of poison {unknown}
 i - 3 scrolls of identify {unknown}
 j - a scroll of enchant weapon {unknown}
 k - 2 scrolls of teleportation {unknown}
 m - a scroll of blinking {unknown}
Potions
 d - a potion of might
 g - 3 potions of flight


   Skills:
 + Level 6.5 Fighting
 + Level 1.0 Short Blades
 + Level 1.0 Long Blades
 + Level 1.0 Axes
 + Level 4.6 Maces & Flails
 + Level 1.0 Polearms
 + Level 1.0 Staves
 + Level 1.0 Ranged Weapons
 + Level 1.0 Throwing
 + Level 6.5 Armour
 + Level 1.0 Dodging
 + Level 1.0 Stealth
 + Level 6.5 Shields
 + Level 1.0 Unarmed Combat
 + Level 1.0 Spellcasting
 + Level 0.7 Conjurations
 + Level 0.7 Hexes
 + Level 0.7 Summonings
 + Level 0.7 Necromancy
 + Level 0.7 Translocations
 + Level 0.7 Transmutations
 + Level 0.7 Fire Magic
 + Level 0.7 Ice Magic
 + Level 0.7 Air Magic
 + Level 0.7 Earth Magic
 + Level 0.7 Poison Magic
 + Level 1.1 Invocations
 + Level 1.0 Evocations


You had 4 spell levels left.
You didn't know any spells.
Your spell library was empty.

Dungeon Overview and Level Annotations

Branches:
Dungeon (3/15)

Altars:

Shops:
D:1 (

Annotations:
D:3 Robin


Innate Abilities, Weirdness & Mutations

You have very sharp teeth.
Your uncanny sense of smell can sniff out nearby items.
Your experience applies equally to all skills.
You are partially covered in iridescent scales. (AC +2)
You are frail. (-10% HP)
You occasionally shout uncontrollably at your foes.


Message History

The stone barely misses the hobgoblin.
The stone barely misses you.
You hit the hobgoblin.
You kill the hobgoblin!
Robin throws the goblin out of sight!
The goblin hits you but does no damage. You block the hobgoblin's attack.
The goblin barely misses you.
The kobold throws a stone.
The stone barely misses the goblin.
The stone closely misses you. The hobgoblin barely misses you.
You miss the goblin.
The goblin no longer looks unusually strong.
Robin roars a battlecry!
The goblin goes into a battle-frenzy!
The goblin closely misses you.
The kobold throws a stone.
The stone barely misses the goblin.
The stone closely misses you. You block the goblin's attack.
The hobgoblin barely misses you.
You hit the hobgoblin but do no damage.
The hobgoblin is moderately wounded.
The hobgoblin hits you but does no damage.
You block the goblin's attack.
The kobold throws a stone.
The stone closely misses Robin.
The hobgoblin barely misses you. Robin hits you but does no damage.
The hobgoblin barely misses you. The goblin barely misses you.
The hobgoblin barely misses you. The goblin hits you but does no damage.
You sock the goblin!
You kill the goblin!
The kobold throws a stone.
You block the stone. The hobgoblin hits you.
* * * LOW HITPOINT WARNING * * *
Robin throws the goblin out of sight!
You closely miss the goblin. Robin barely misses you.
The goblin closely misses you. The hobgoblin barely misses you.
The goblin hits you with a +0 dagger.
* * * LOW HITPOINT WARNING * * *
The kobold throws a stone.
The stone barely misses the goblin.
The stone hits you but does no damage.
You barely miss the hobgoblin.
You bite the hobgoblin, but do no damage.
The hobgoblin is moderately wounded.
The goblin no longer looks unusually strong.
You block Robin's attack. The goblin hits you but does no damage.
The hobgoblin hits you.
You die...

#.###.###########.#
#.###.#....# #.# ..
#........#.# #.# ..
#####.####[######.#
.# #......#......#
.# ########.#######
.# #....Kg.###.##
#..gg........####.
#..g@g...)........
#.######..).......
#.# #.......... #.#
####.####.. #.. .#
. #. .# .# .#


You could see Robin (unable to see you), 2 hobgoblins, 2 goblins and a kobold
(unable to see you).

Vanquished Creatures
  An adder (D:2)
  A ball python (D:2)
  3 bats (D:1)
  7 endoplasms
  2 giant cockroaches (D:2)
  10 goblins
  3 hobgoblins
  2 jackals (D:1)
  A quokka (D:3)
  3 kobolds
  3 rats
36 creatures vanquished.

Notes
Turn   | Place    | Note
-------+----------+-------------------------------------------
     0 | D:1      | retardedninja the Gnoll Fighter began the quest for the
                  | Orb.
     0 | D:1      | Reached XP level 1. HP: 23/23 MP: 1/1
   116 | D:1      | Found Miext's Weapon Boutique.
   280 | D:1      | Reached XP level 2. HP: 29/29 MP: 2/2
   988 | D:2      | Reached XP level 3. HP: 35/35 MP: 2/4
  1062 | D:2      | Reached skill level 1 in Invocations
  1442 | D:3      | Noticed Robin
  1446 | D:3      | Reached skill level 1 in Short Blades
  1446 | D:3      | Reached skill level 1 in Long Blades
  1446 | D:3      | Reached skill level 1 in Axes
  1446 | D:3      | Reached skill level 1 in Polearms
  1446 | D:3      | Reached skill level 1 in Staves
  1446 | D:3      | Reached skill level 1 in Ranged Weapons
  1446 | D:3      | Reached skill level 1 in Throwing
  1446 | D:3      | Reached skill level 1 in Dodging
  1446 | D:3      | Reached skill level 1 in Stealth
  1446 | D:3      | Reached skill level 1 in Unarmed Combat
  1446 | D:3      | Reached skill level 1 in Spellcasting
  1446 | D:3      | Reached skill level 1 in Evocations
  1462 | D:3      | Gained mutation: You occasionally shout uncontrollably at
                  | your foes. [potion of mutation]
  1462 | D:3      | Gained mutation: You are frail. (-10% HP) [potion of
                  | mutation]
  1462 | D:3      | Gained mutation: You are partially covered in iridescent
                  | scales. (AC +2) [potion of mutation]
  1477 | D:3      | Slain by a hobgoblin

Illustrated notes

Levels and vault maps discovered:
D:1:      amcnicky_arrival_single_pillar, layout_basic, serial_shops,
          nicolae_shop_crystal, minmay_pentomino_v2
D:2:      layout_basic
D:3:      layout_basic, mainiacjoe_overflow_catwalk, reono_crystal_passage,
          nicolae_figureground_sparkle, uniq_robin

Skill      XL: |  1  2  3 |
---------------+----------+-----
Invocations    | 1 |  1.1
Short Blades   | 1 |  1.0
Long Blades    | 1 |  1.0
Axes           | 1 |  1.0
Polearms       | 1 |  1.0
Staves         | 1 |  1.0
Ranged Weapons | 1 |  1.0
Throwing       | 1 |  1.0
Dodging        | 1 |  1.0
Stealth        | 1 |  1.0
Unarmed Combat | 1 |  1.0
Spellcasting   | 1 |  1.0
Evocations     | 1 |  1.0
Fighting       | |  6.5
Maces & Flails | |  4.6
Armour         | |  6.5
Shields        | |  6.5
Conjurations   | |  0.7
Hexes          | |  0.7
Summonings     | |  0.7
Necromancy     | |  0.7
Translocations | |  0.7
Transmutations | |  0.7
Fire Magic     | |  0.7
Ice Magic      | |  0.7
Air Magic      | |  0.7
Earth Magic    | |  0.7
Poison Magic   | |  0.7

Action                     || total
---------------------------++-------
  Melee: Flail             ||   102
         Bite              ||    11
    Use: Potion            ||     7
 Armour: Scale mail        ||    22
         Chain mail        ||    54
  Dodge: Dodged            ||    87
  Block: Buckler           ||    29

Table legend: (Time is in decaauts)
 A = Elapsed time spent in this place.
 B = Non-inter-level travel time spent in this place.
 C = Inter-level travel time spent in this place.
 D = Time resting spent in this place.
 E = Time spent auto-exploring this place.
 F = Levels seen in this place.
 G = Mean time per level.
                   A        B        C        D        E       F      G
               +--------+--------+--------+--------+--------+-----+--------+
         Total |   1499 |   1479 |     20 |      0 |   1209 |   3 |  499.7 |
       Dungeon |   1499 |   1479 |     20 |      0 |   1209 |   3 |  499.7 |
               +--------+--------+--------+--------+--------+-----+--------+

Top non-repeatable levels by time:
     D:1: 842 daAuts
     D:2: 493 daAuts
     D:3: 164 daAuts
